AoeStats
← Arakami

Arena

509456617Analyzed
4v4 RM · 4d ago on Sep 26, 2026· 61m 41s· 8 players
Game mode
Random Map
Map size
Large (8 player)
Population
200
Speed
Normal
Resources
Standard
Victory
Conquest
Starting age
Dark Age
Ending age
Imperial Age
RankedLock teamsTeams togetherTeam positionsShared explorationLock speedFull tech treeHidden civsTurbo modeCheats
Victory
Defeat
🇵🇪 Danes · Peru
991
+16
🇵🇪 Gurjaras · Peru
984
+17
🇵🇪 Burmese · Peru
974
+17
🇦🇷 Britons · Argentina
944
+18
🇦🇿 Spanish · Azerbaijan
1027
-18
🇦🇿 Khmer · Azerbaijan
1020
-18
🇫🇷 Japanese · France
1001
-17
🇩🇪 Armenians · Germany
952
-15
⌬paul-⏣-tronX⌬
8:05 Loom
10:26 Feudal Age
11:54 Double-Bit Axe
14:16 Castle Age
15:17 Bow Saw
29:15 Hamask
30:08 Horse Collar
31:06 Scale Mail Armor
31:12 Arson
32:26 Chain Mail Armor
36:56 Imperial Age
35:21 Forging
37:39 Iron Casting
37:54 Block Printing
38:07 Sanctity
38:45 Plate Mail Armor
38:58 Fervor
38:50 Devotion
39:55 Conscription
40:22 Elite Jomsviking
41:37 Heavy Plow
44:04 Blast Furnace
46:32 Gold Mining
48:16 Theocracy
48:23 Gold Shaft Mining
49:55 Fletching
54:43 Wheelbarrow
54:39 Bodkin Arrow
55:09 Ballistics
57:14 Bracer
60:12 Chemistry
juanygato
8:42 Loom
11:14 Feudal Age
15:55 Castle Age
16:05 Double-Bit Axe
16:04 Horse Collar
ඞ BatiCapibara
10:39 Feudal Age
8:55 Loom
15:34 Castle Age
14:35 Horse Collar
16:00 Wheelbarrow
22:57 Hand Cart
22:57 Town Watch
24:29 Gold Mining
25:17 Forging
26:41 Iron Casting
26:19 Scale Barding Armor
29:04 Chain Barding Armor
31:22 Imperial Age
28:29 Man-at-Arms
29:27 Stone Mining
30:00 Fletching
30:32 Bloodlines
31:18 Town Patrol
31:57 Bodkin Arrow
33:16 Blast Furnace
33:00 Gold Shaft Mining
32:28 Heavy Plow
33:33 Plate Barding Armor
32:32 Long Swordsman
33:16 Husbandry
33:35 Squires
34:15 Masonry
36:04 Chemistry
34:53 Gambesons
35:07 Two-Handed Swordsman
35:58 Champion
36:37 Elite Battle Elephant
38:42 Bracer
38:58 Arson
40:19 Conscription
40:04 Howdah
39:48 Light Cavalry
40:45 Padded Archer Armor
41:36 Scale Mail Armor
43:48 Manipur Cavalry
47:54 Ballistics
47:50 Chain Mail Armor
49:37 Plate Mail Armor
55:07 Architecture
54:32 Murder Holes
54:01 Pikeman
55:14 Crop Rotation
61:24 Hussar
xxxsoniicoxxx
11:20 Feudal Age
9:37 Loom
16:54 Castle Age
15:19 Double-Bit Axe
20:31 Squires
21:04 Pikeman
23:26 Gambesons
34:04 Light Cavalry
38:21 Fletching
38:31 Padded Archer Armor
45:08 Town Watch
46:02 Wheelbarrow
45:33 Husbandry
47:13 Town Patrol
47:27 Forging
49:24 Yeomen
58:02 Imperial Age
59:47 Warwolf
59:08 Elite Longbowman
59:20 Halberdier
61:48 Arson
Beaumains
9:01 Feudal Age
17:15 Castle Age
15:16 Double-Bit Axe
16:13 Scale Mail Armor
16:27 Horse Collar
16:36 Loom
16:54 Man-at-Arms
17:33 Gold Mining
19:18 Bow Saw
20:23 Forging
21:01 Pikeman
25:46 Wheelbarrow
28:11 Hand Cart
28:20 Town Watch
29:24 Padded Archer Armor
35:41 Heavy Plow
36:21 Squires
36:22 Stone Mining
36:25 Elite Skirmisher
38:30 Fortified Wall
38:02 Treadmill Crane
40:02 Fletching
50:54 Gambesons
50:54 Arson
50:30 Man-at-Arms
55:17 Long Swordsman
Arakami
10:29 Feudal Age
11:03 Double-Bit Axe
12:24 Wheelbarrow
13:28 Horse Collar
19:26 Castle Age
20:36 Bow Saw
20:33 Heavy Plow
21:10 Man-at-Arms
21:35 Gambesons
21:51 Squires
21:55 Gold Mining
22:09 Long Swordsman
23:01 Scale Mail Armor
23:12 Forging
23:40 Two-Handed Swordsman
24:43 Chain Mail Armor
28:21 Pikeman
28:37 Champion
33:44 Imperial Age
31:59 Gold Shaft Mining
31:20 Stone Mining
31:21 Loom
32:14 Pikeman
33:57 Hand Cart
34:31 Iron Casting
33:29 Halberdier
34:00 Capped Ram
34:56 Treadmill Crane
35:27 Masonry
35:31 Fortified Wall
36:01 Plate Mail Armor
36:32 Blast Furnace
38:40 Conscription
38:27 Fereters
39:01 Hoardings
40:03 Guilds
45:18 Siege Ram
48:35 Coinage
48:23 Fletching
48:56 Ballistics
49:36 Chemistry
48:34 Murder Holes
49:37 Bodkin Arrow
50:24 Bracer
52:02 Banking
ziko
1:05 Loom
11:32 Feudal Age
12:35 Double-Bit Axe
16:37 Castle Age
21:09 Bow Saw
20:42 Pikeman
24:38 Horse Collar
30:07 Loom
36:28 Wheelbarrow
35:56 Heavy Plow
42:21 Imperial Age
40:10 Hand Cart
40:58 Padded Archer Armor
40:49 Fletching
41:12 Fortified Wall
41:12 Gold Mining
42:50 Bodkin Arrow
43:10 Leather Archer Armor
46:32 Conscription
47:47 Cavalier
48:29 Husbandry
48:41 Bloodlines
50:38 Town Watch
51:02 Scale Barding Armor
51:09 Forging
52:33 Paladin
53:42 Chain Barding Armor
53:58 Iron Casting
ZaZa
10:52 Feudal Age
16:01 Castle Age
14:39 Double-Bit Axe
14:42 Loom
15:11 Horse Collar
21:59 Bow Saw
22:07 Fletching
25:26 Wheelbarrow
27:32 Heavy Plow
27:48 Bow Saw
29:20 Hand Cart
33:46 Ballistics
33:37 Fortified Wall
34:16 Bodkin Arrow
34:24 Murder Holes
36:26 Town Watch
39:38 Imperial Age
37:02 Stone Mining
37:27 Gold Mining
40:12 Stone Shaft Mining
40:14 Gold Shaft Mining
39:53 Town Patrol
40:10 Bloodlines
40:00 Husbandry
39:21 Light Cavalry
40:07 Elite Ballista Elephant
40:48 Double Crossbow
41:09 Conscription
41:19 Siege Engineers
43:24 Scale Barding Armor
44:01 Devotion
45:21 Crop Rotation
48:39 Forging
49:13 Hussar
51:37 Chain Barding Armor
51:53 Iron Casting
54:01 Plate Barding Armor
57:19 Chemistry
59:08 Blast Furnace
59:14 Bracer
60:15 Caravan
Connection lost

Rejoining the realm…

Still unreachable

The connection could not be restored.

Session expired

The server has moved on; the page needs a fresh start.